 Dungeon Crawl Stone Soup version 0.23-a0-393-g6e9e0f2 (webtiles) character file.

115 Garbasso the Vexing (level 4, 0/30 HPs)
             Began as a Vampire Enchanter on Oct 31, 2018.
             Slain by a gnoll
             ... wielding a +0 spear
              (5 damage)
             ... on level 2 of the Dungeon.
             The game lasted 00:07:52 (2341 turns).

Garbasso the Vexing (Vampire Enchanter)             Turns: 2341, Time: 00:07:53

Health: 0/30       AC:  0    Str:  7    XL:     4   Next: 68%
Magic:  0/7        EV: 20    Int: 17    God:
Gold:   56         SH:  0    Dex: 20    Spells: 1/7 levels left

rFire    . . .     SeeInvis +   (weapon currently unavailable)
rCold    + . .     Gourm    .   (shield currently unavailable)
rNeg     + + .     Faith    .   (armour currently unavailable)
rPois    +         Spirit   .   (helmet currently unavailable)
rElec    .         Reflect  .   (cloak currently unavailable)
rCorr    .         Harm     .   (gloves currently unavailable)
MR       .....                  (boots currently unavailable)
Stlth    +++++.....             (no amulet)
HPRegen  0.05/turn              (ring currently unavailable)
MPRegen  0.10/turn              (ring currently unavailable)

@: bat-form, flying, regenerating slowly, very quick
A: tiny, fangs 3, see invisible
a: End Transformation


You were on level 2 of the Dungeon.
You were thirsty.
You were in vampire-bat-form.
You visited 1 branch of the dungeon, and saw 2 of its levels.

You collected 56 gold pieces.

Inventory:

Hand Weapons
 a - a +1 dagger (melded)
Armour
 b - a +0 robe (melded)
Jewellery
 j - a +5 ring of evasion (melded)
 l - a ring of flight (melded)
Scrolls
 c - a scroll of noise {unknown}
 d - 3 scrolls of remove curse {unknown}
 e - 2 scrolls of identify {unknown}
 f - a scroll of enchant weapon {unknown}
Potions
 g - 3 potions of degeneration {unknown}
 h - a potion of curing {unknown}
 i - a potion of heal wounds {unknown}
 k - a potion of might {unknown}
 q - 10 potions of blood


   Skills:
 + Level 2.5 Short Blades
 - Level 2.1 Dodging
 + Level 5.6 Stealth
 - Level 2.0 Spellcasting
 * Level 6.5 Hexes


You had one spell level left.
You knew the following spells:

 Your Spells              Type           Power        Failure   Level  Hunger
a - Corona                Hex            ###....      1%          1    #......
b - Ensorcelled Hibernat  Hex/Ice        ##....       8%          2    ###....
c - Confuse               Hex            ###.....     4%          3    ###....

Your spell library contained the following spells:

 Spells                   Type           Power        Failure   Level  Hunger
 Tukima's Dance           Hex            ###.....     4%          3    ###....
 Dazzling Spray           Conj/Hex       ##....       16%         3    ###....


Dungeon Overview and Level Annotations

Branches:
Dungeon (2/15)

Altars:


Innate Abilities, Weirdness & Mutations

You heal slowly.
You have razor-sharp teeth.
You have supernaturally acute eyesight. (SInv)
((You can survive without breathing.))


Message History

There is an open door here.
You hit the rat. Your bite misses the rat.
The rat is severely wounded.
The rat closely misses you.
The gnoll hits you from afar with a +0 spear!
The gnoll shouts!
The rat completely misses you.
The gnoll hits you from afar with a +0 spear!
* * * LOW HITPOINT WARNING * * *
You fail to use your ability.
The rat closely misses you. The gnoll barely misses you.
You fail to use your ability.
The rat barely misses you. The gnoll misses you.
You turn into a vampire bat.
Your +1 dagger melds into your body.
Your +0 robe melds into your body.
Your ring of flight melds into your body.
Your +5 ring of evasion melds into your body.
The rat closely misses you. The gnoll closely misses you.
The gnoll completely misses you.
The gnoll hits you from afar with a +0 spear.
You die...

#..........%....).# ####...
..................# #......
.......#....#..##.# #......
.........g.....##.# #.)....
................#.# #......
.........g......#.# #......
.........g.....)#'###......
.........r...............##
..........b..............#
........########........##
######### #........#
#........# #........#
#........#
#############........#
#...........'.>......#
#...........#........#


You could see 3 gnolls and a rat.

Vanquished Creatures
  Terence (D:1)
  3 adders
  A gnoll (D:2)
  4 dart slugs (D:1)
  A leopard gecko (D:2)
  3 giant cockroaches
  6 goblins
  3 hobgoblins
  5 kobolds
  A quokka (D:2)
  7 bats
  A frilled lizard (D:2)
  7 rats
43 creatures vanquished.

Vanquished Creatures (collateral kills)
  A dart slug (D:2)
1 creature vanquished.

Grand Total: 44 creatures vanquished

Notes
Turn   | Place    | Note
-------+----------+-------------------------------------------
     0 | D:1      | Garbasso the Vampire Enchanter began the quest for the Orb.
     0 | D:1      | Reached XP level 1. HP: 13/13 MP: 3/3
   468 | D:1      | Reached XP level 2. HP: 19/19 MP: 5/5
   504 | D:1      | Reached skill level 5 in Hexes
   532 | D:1      | Learned a level 2 spell: Ensorcelled Hibernation
  1185 | D:1      | Reached XP level 3. HP: 23/24 MP: 6/6
  1517 | D:1      | Reached skill level 5 in Stealth
  1779 | D:2      | Noticed Terence
  1808 | D:1      | Killed Terence
  1808 | D:1      | Reached skill level 6 in Hexes
  1808 | D:1      | Reached XP level 4. HP: 30/30 MP: 0/7
  1990 | D:2      | Learned a level 3 spell: Confuse
  2341 | D:2      | Slain by a gnoll

Vault maps used:
D:1:      ncdulo_lavacross
D:2:      uniq_terence

Skill      XL: |  1  2  3 |
---------------+----------+-----
Hexes          | 5 6 |  6.5
Stealth        | 5 |  5.6
Short Blades   | 2 |  2.5
Dodging        | |  2.1
Spellcasting   | |  2.0

Action                   |  1- 3 |  4- 6 || total
-------------------------+-------+-------++-------
Melee: Dagger            |    69 |    37 ||   106
       Bite              |     7 |     2 ||     9
 Cast: Corona            |     5 |       ||     5
       Ensorcelled Hiber |    16 |     9 ||    25
       Confuse           |       |     3 ||     3
 Abil: Bat Form          |       |     1 ||     1
  Use: Potion            |     2 |       ||     2
 Stab: Sleeping          |    15 |     9 ||    24
  Eat: Corpse            |       |     2 ||     2
Armor: Robe              |    17 |     4 ||    21
Dodge: Dodged            |    52 |    37 ||    89

Table legend:
 A = Non-vault XP
 B = Vault XP
 C = Vault XP percentage of total XP
 D = Non-vault monster count
 E = Vault monster count
 F = Vault count percentage of total count
                 A         B        C        D         E       F
            +---------+---------+-------+---------+---------+-------
      Total |     129 |      36 |  21.8 |      43 |       1 |   2.3
            +---------+---------+-------+---------+---------+-------
        D:1 |      60 |      36 |  37.5 |      25 |       1 |   3.8
        D:2 |      69 |       0 |   0.0 |      18 |       0 |   0.0
            +---------+---------+-------+---------+---------+-------
